 Dungeon Crawl Stone Soup version 0.21.1-1-g345015f (webtiles) character file.

42 Monsterracer the Insei (level 3, -2/26 HPs)
             Began as a Draconian Venom Mage on Feb 8, 2018.
             Slain by an adder (4 damage)
             ... on level 2 of the Dungeon.
             The game lasted 00:02:27 (1319 turns).

Monsterracer the Insei (Draconian Venom Mage)       Turns: 1319, Time: 00:02:28

Health: -2/26      AC:  5    Str: 10    XL:     3   Next: 33%
Magic:  0/6        EV: 12    Int: 16    God:
Gold:   52         SH:  0    Dex: 11    Spells: 5/6 levels left

rFire    . . .     SeeInvis .     - Unarmed
rCold    . . .     Gourm    .   (no shield)
rNeg     . . .     Faith    .   (armour unavailable)
rPois    .         Spirit   .   (helmet restricted)
rElec    .         Reflect  .   (no cloak)
rCorr    .         Harm     .   (no gloves)
MR       .....                  (no boots)
Stlth    ++........             (no amulet)
HPRegen  0.08/turn              (no ring)
MPRegen  0.10/turn              (no ring)

@: no status effects
A: unfitting armour, cold-blooded, AC +5
a: no special abilities


You were on level 2 of the Dungeon.
You were not hungry.

You visited 1 branch of the dungeon, and saw 2 of its levels.

You collected 52 gold pieces.

Inventory:

Scrolls
 a - a scroll of remove curse {unknown}
Potions
 b - a potion of mutation {unknown}
 e - a potion of magic {unknown}
Comestibles
 c - 4 rations


   Skills:
 - Level 1.7 Dodging
 - Level 1.7 Stealth
 + Level 3.1 Unarmed Combat
 - Level 2.0 Spellcasting
 - Level 1.0 Conjurations
 - Level 3.0 Poison Magic


You had 5 spell levels left.
You knew the following spells:

 Your Spells              Type           Power        Failure   Level  Hunger
a - Sting                 Conj/Pois      #...         9%          1    #......


Dungeon Overview and Level Annotations

Branches:
Dungeon (2/15)

Altars:


Innate Abilities, Weirdness & Mutations

Your plain brown scales are hard. (AC +5)
You cannot fit into any form of body armour.
You are cold-blooded and may be slowed by cold attacks.


Message History

You hit the jackal.
The jackal is almost dead.
The jackal bites you but does no damage.
You hit the jackal.
You kill the jackal!
The adder bites you but does no damage.
Casting: Sting
Confirm with . or Enter, or press ? or * to list all spells.
Aiming: Sting
Press: ? - help, Shift-Dir - straight line, f - bat
Aim: a bat The sting hits the adder.
The adder is lightly wounded.
The adder barely misses you.
You now have 1/6 mp.
Casting: Sting
Confirm with . or Enter, or press ? or * to list all spells.
Aiming: Sting
Press: ? - help, Shift-Dir - straight line, f/p - bat
Aim: a bat The sting misses the adder.
The sting hits the bat.
The bat is poisoned.
You kill the bat!
The adder closely misses you.
Casting: Sting
Confirm with . or Enter, or press ? or * to list all spells.
Aiming: Sting
Press: ? - help, Shift-Dir - straight line, f - adder
Aim: an adder The sting misses the adder.
The sting misses the jackal.
The adder closely misses you. The adder misses you.
You now have 0/6 mp.
The adder barely misses you.
You see here a whip.
The adder bites you but does no damage.
Casting: Sting
Confirm with . or Enter, or press ? or * to list all spells.
Aiming: Sting
Press: ? - help, Shift-Dir - straight line, f/p - adder
Aim: an adder The sting misses the adder.
The sting hits the jackal.
The jackal is poisoned.
The jackal is moderately wounded.
The adder bites you but does no damage. The adder closely misses you.
You now have 0/6 mp.
You feel a bit more experienced. The adder bites you but does no damage.
You see here a quokka skeleton.
The adder bites you.
* * * LOW HITPOINT WARNING * * *
You take 5 damage, and have 2/26 hp.
Casting: Sting
Confirm with . or Enter, or press ? or * to list all spells.
Aiming: Sting
Press: ? - help, Shift-Dir - straight line, f/p - adder
Aim: an adder The sting misses the adder.
The adder bites you but does no damage. x2
You now have 0/6 mp.
Throwing (i - inventory):
d - 2 throwing nets (quivered)
Press: ? - help, Shift-Dir - straight line, f/p - adder
Aim: an adder You throw a throwing net.
The throwing net closely misses the adder.
The adder closely misses you.
Throwing (i - inventory):
d - a throwing net (quivered)
Press: ? - help, Shift-Dir - straight line, f/p - adder
Aim: an adder You throw a throwing net.
The throwing net hits the adder.
The adder is caught in the net!
The adder struggles against the net.
You hit the adder.
The adder is lightly wounded.
The adder struggles against the net.
You barely miss the adder.
The adder is lightly wounded.
The adder struggles against the net.
You hit the adder.
The adder is heavily wounded.
The adder struggles against the net.
The net rips apart, and the adder comes free!
The adder closely misses you.
You hit the adder.
The adder is severely wounded.
The adder bites you but does no damage.
You miss the adder.
The adder is severely wounded.
The adder bites you but does no damage.
You closely miss the adder.
The adder is heavily wounded.
The adder bites you.
* * * LOW HITPOINT WARNING * * *
You take 1 damage, and have 2/26 hp.
You barely miss the adder.
The adder is heavily wounded.
The adder closely misses you. The adder barely misses you.
Casting: Sting
Confirm with . or Enter, or press ? or * to list all spells.
Aiming: Sting
Press: ? - help, Shift-Dir - straight line, f/p - adder
Aim: an adder (heavily wounded)
The sting hits the adder.
The adder is poisoned.
The adder is severely wounded.
The adder bites you.
You die...

####### #.....#
#.###รท###########
#h# #(..S@.......
#.# #############
#.#### #....#
####.# #.# #)# #.#
#.#


You could see an adder.

Vanquished Creatures
  An adder (D:2)
  3 bats
  2 giant cockroaches
  A goblin (D:1)
  5 hobgoblins
  6 jackals
  4 kobolds
  2 quokkas (D:2)
  3 frilled lizards (D:1)
  A rat (D:1)
28 creatures vanquished.

Notes
Turn   | Place    | Note
-------+----------+-------------------------------------------
     0 | D:1      | Monsterracer the Draconian Venom Mage began the quest for the Orb.
     0 | D:1      | Reached XP level 1. HP: 14/14 MP: 3/3
    83 | D:1      | HP: 7/14 [jackal (1)]
    84 | D:1      | HP: 3/14 [jackal (3)]
    88 | D:1      | Reached skill level 1 in Unarmed Combat
    99 | D:1      | HP: 3/14 [jackal (1)]
   104 | D:1      | HP: 2/14 [jackal (1)]
   162 | D:1      | Reached XP level 2. HP: 5/20 MP: 0/5
   583 | D:1      | HP: 10/20 [kobold/short sword (4)]
   593 | D:1      | HP: 9/20 [frilled lizard (2)]
  1260 | D:2      | Reached XP level 3. HP: 20/26 MP: 1/6
  1278 | D:2      | HP: 9/26 [quokka (5)]
  1306 | D:2      | HP: 2/26 [adder (5)]
  1317 | D:2      | HP: 2/26 [adder (1)]
  1319 | D:2      | Slain by an adder

Skill      XL: |  1  2  3 |
---------------+----------+-----
Unarmed Combat | 1 2 3 |  3.1
Dodging        | |  1.7
Stealth        | |  1.7
Spellcasting   | |  2.0
Conjurations   | |  1.0
Poison Magic   | |  3.0

Action                   || total
-------------------------++-------
Melee: Unarmed           ||    96
       Tailslap          ||     7
Throw: Throwing net      ||     2
 Cast: Sting             ||    26
 Stab: Sleeping          ||     1
  Eat: Chunk             ||     2
Armor: Skin              ||    50
Dodge: Dodged            ||   124

Vault maps used:
D:1:      sevenhm_arrival_forest_fort_small_4
